[ AOE2 MATCH · #498793328 ]
UnrankedBengalis vs Burgundians
Player's team · LOSS
[ REPLAY ANALYSIS · EXTRACTED FROM THE RECORDED GAME ]
Feudal
8:52
Castle
19:28
Imperial
—
| APM avg | 57.3 |
| APM peak | 79 |
| eAPM avg | 17.5 |
| Villagers / military | 54 / 8 |
Focus
⚔️ 39.0% · 🌾 61.0%
Archer ×5 · Scout Cavalry ×3
Feudal
10:06
Castle
20:24
Imperial
—
| APM avg | 66.2 |
| APM peak | 94 |
| eAPM avg | 23.1 |
| Villagers / military | 39 / 23 |
Focus
⚔️ 33.8% · 🌾 66.2%
Flemish Militia ×19 · Spearman ×4
Match map
Initial resources + every placement click. Lines = walls · curves = elevation contours. ◆ gold · ⬟ stone · ● berries · ✦ relic · ◌ wall gap
Your base· Open — unwalled flank
Gabi's base· Open — 3t gap
Smoothed initial terrain · ◌ = detected wall gap · hover for details
Inputs per minute
— [R1] 12Tirador - - Gabi
Build order — [R1] 12Tirador
115 actions detected in the replay
| 0:00 | Create | Villager (Male) |
| 0:00 | Create | Villager (Male) |
| 0:00 | Create | Villager (Male) |
| 0:02 | Build | House |
| 0:02 | Build | House |
| 0:05 | Create | Villager (Male) |
| 1:29 | Create | Villager (Male) |
| 1:41 | Build | Lumber Camp |
| 1:54 | Create | Villager (Male) |
| 2:14 | Create | Villager (Male) |
| 2:47 | Create | Villager (Male) |
| 2:58 | Create | Villager (Male) |
| 3:28 | Create | Villager (Male) |
| 3:40 | Build | House |
| 3:41 | Create | Villager (Male) |
| 3:47 | Create | Villager (Male) |
| 4:07 | Create | Villager (Male) |
| 4:14 | Build | Mill |
| 5:20 | Create | Villager (Male) |
| 5:40 | Create | Villager (Male) |
| 5:44 | Build | House |
| 5:58 | Create | Villager (Male) |
| 6:42 | Research | Feudal Age |
| 6:52 | Research | Loom |
| 7:43 | Create | Villager (Male) |
| 8:01 | Build | House |
| 8:04 | Build | House |
| 8:10 | Build | Barracks |
| 8:27 | Create | Villager (Male) |
| 8:52 | Age | Feudal Age |
| 9:06 | Build | Stable |
| 9:16 | Create | Villager (Male) |
| 9:19 | Build | House |
| 9:19 | Build | House |
| 9:20 | Build | House |
| 9:35 | Build | House |
| 9:36 | Build | House |
| 9:43 | Create | Villager (Male) |
| 9:46 | Research | Double-Bit Axe |
| 10:08 | Create | Scout Cavalry |
| 10:11 | Create | Villager (Male) |
| 10:25 | Create | Villager (Male) |
| 10:28 | Build | Farm |
| 10:32 | Create | Scout Cavalry |
| 10:42 | Create | Villager (Male) |
| 10:45 | Build | Farm |
| 10:45 | Build | Farm |
| 10:48 | Create | Scout Cavalry |
| 11:00 | Build | House |
| 11:02 | Build | Palisade Wall |
| 11:08 | Create | Villager (Male) |
| 11:09 | Build | Farm |
| 11:16 | Build | Farm |
| 11:34 | Create | Villager (Male) |
| 11:42 | Build | Mining Camp |
| 11:49 | Create | Villager (Male) |
| 12:14 | Build | House |
| 12:18 | Build | Palisade Wall |
| 12:30 | Create | Villager (Male) |
| 12:40 | Create | Villager (Male) |
| 12:44 | Create | Villager (Male) |
| 12:46 | Build | Archery Range |
| 12:53 | Create | Villager (Male) |
| 13:04 | Build | Farm |
| 13:05 | Create | Villager (Male) |
| 13:07 | Build | Farm |
| 13:09 | Build | Farm |
| 13:16 | Create | Villager (Male) |
| 13:22 | Build | Watch Tower |
| 13:24 | Create | Villager (Male) |
| 13:30 | Create | Villager (Male) |
| 13:31 | Create | Archer |
| 13:40 | Create | Villager (Male) |
| 13:46 | Create | Villager (Male) |
| 13:55 | Build | Mining Camp |
| 13:59 | Create | Archer |
| 13:59 | Create | Villager (Male) |
| 14:03 | Create | Villager (Male) |
| 14:04 | Create | Villager (Male) |
| 14:06 | Build | Farm |
| 14:20 | Build | Farm |
| 14:20 | Create | Villager (Male) |
| 14:34 | Create | Villager (Male) |
| 14:36 | Create | Archer |
| 14:37 | Create | Villager (Male) |
| 14:42 | Create | Villager (Male) |
| 14:51 | Build | Farm |
| 14:54 | Build | Farm |
| 15:30 | Create | Archer |
| 15:31 | Create | Villager (Male) |
| 15:32 | Create | Villager (Male) |
| 15:35 | Build | Market |
| 15:41 | Create | Villager (Male) |
| 15:44 | Create | Villager (Male) |
| 15:45 | Create | Archer |
| 15:46 | Create | Villager (Male) |
| 16:48 | Research | Castle Age |
| 17:00 | Create | Villager (Male) |
| 17:11 | Research | Stone Mining |
| 17:11 | Research | Stone Mining |
| 17:24 | Build | Mining Camp |
| 17:47 | Create | Villager (Male) |
| 18:02 | Build | Blacksmith |
| 18:16 | Build | House |
| 18:28 | Build | Palisade Wall |
| 18:47 | Research | Fletching |
| 19:27 | Research | Wheelbarrow |
| 19:28 | Age | Castle Age |
| 19:37 | Research | Bow Saw |
| 19:38 | Create | Villager (Male) |
| 19:59 | Create | Villager (Male) |
| 20:15 | Research | Crossbowman (upgrade) |
| 20:16 | Create | Villager (Male) |
| 20:27 | Build | Castle |
| 20:50 | Create | Villager (Male) |
Build order — Gabi
131 actions detected in the replay
| 0:01 | Create | Villager (Male) |
| 0:01 | Create | Villager (Male) |
| 0:02 | Build | House |
| 0:03 | Build | House |
| 0:38 | Create | Villager (Male) |
| 1:05 | Create | Villager (Male) |
| 1:25 | Create | Villager (Male) |
| 1:52 | Build | Lumber Camp |
| 1:59 | Create | Villager (Male) |
| 2:29 | Create | Villager (Male) |
| 2:40 | Create | Villager (Male) |
| 3:12 | Create | Villager (Male) |
| 3:32 | Create | Villager (Male) |
| 3:51 | Build | House |
| 3:56 | Research | Double-Bit Axe |
| 4:02 | Create | Villager (Male) |
| 4:14 | Build | Palisade Wall |
| 4:21 | Create | Villager (Male) |
| 4:46 | Create | Villager (Male) |
| 5:11 | Create | Villager (Male) |
| 5:14 | Build | House |
| 5:21 | Create | Villager (Male) |
| 5:45 | Build | Palisade Wall |
| 6:08 | Create | Villager (Male) |
| 6:25 | Build | Palisade Wall |
| 6:31 | Research | Loom |
| 6:36 | Build | Mill |
| 6:48 | Build | Palisade Wall |
| 6:56 | Create | Villager (Male) |
| 7:04 | Build | Palisade Wall |
| 7:08 | Create | Villager (Male) |
| 7:25 | Create | Villager (Male) |
| 7:54 | Research | Feudal Age |
| 8:07 | Build | Lumber Camp |
| 8:47 | Build | Palisade Wall |
| 9:04 | Build | House |
| 9:13 | Build | Palisade Wall |
| 9:19 | Build | House |
| 9:26 | Build | Barracks |
| 9:49 | Build | Mining Camp |
| 10:06 | Age | Feudal Age |
| 10:08 | Create | Villager (Male) |
| 10:10 | Create | Spearman |
| 10:10 | Create | Spearman |
| 10:15 | Create | Flemish Militia |
| 10:15 | Create | Flemish Militia |
| 10:17 | Research | Bow Saw |
| 10:26 | Create | Villager (Male) |
| 10:32 | Research | Horse Collar |
| 10:40 | Create | Villager (Male) |
| 10:55 | Create | Villager (Male) |
| 11:01 | Build | House |
| 11:03 | Build | Palisade Wall |
| 11:06 | Build | Palisade Gate |
| 11:13 | Create | Flemish Militia |
| 11:19 | Create | Villager (Male) |
| 11:22 | Build | Palisade Wall |
| 11:26 | Research | Heavy Plow |
| 11:40 | Create | Spearman |
| 11:48 | Create | Villager (Male) |
| 11:51 | Build | Farm |
| 11:56 | Build | Palisade Wall |
| 12:06 | Build | Farm |
| 12:07 | Build | Farm |
| 12:20 | Build | Farm |
| 12:22 | Build | Farm |
| 12:29 | Create | Villager (Male) |
| 12:32 | Build | Farm |
| 12:44 | Build | Farm |
| 12:56 | Create | Villager (Male) |
| 13:06 | Create | Villager (Male) |
| 13:08 | Build | Farm |
| 13:18 | Build | Farm |
| 13:25 | Build | Farm |
| 13:29 | Build | Farm |
| 13:31 | Create | Flemish Militia |
| 13:38 | Create | Villager (Male) |
| 13:45 | Create | Flemish Militia |
| 13:51 | Build | House |
| 13:58 | Build | Farm |
| 14:01 | Create | Villager (Male) |
| 14:05 | Research | Arson |
| 14:18 | Build | Farm |
| 14:19 | Create | Villager (Male) |
| 14:23 | Build | House |
| 14:27 | Create | Flemish Militia |
| 14:32 | Build | Farm |
| 14:43 | Build | Farm |
| 14:57 | Create | Villager (Male) |
| 15:01 | Build | Blacksmith |
| 15:03 | Create | Flemish Militia |
| 15:10 | Create | Villager (Male) |
| 15:25 | Create | Villager (Male) |
| 15:41 | Build | Farm |
| 15:49 | Build | House |
| 15:52 | Research | Scale Mail Armor |
| 15:59 | Create | Villager (Male) |
| 16:12 | Create | Villager (Male) |
| 16:21 | Build | Farm |
| 16:25 | Build | Market |
| 16:46 | Build | Farm |
| 17:11 | Create | Villager (Male) |
| 17:34 | Build | Barracks |
| 17:44 | Research | Castle Age |
| 17:51 | Build | House |
| 17:59 | Create | Flemish Militia |
| 17:59 | Create | Flemish Militia |
| 18:26 | Build | House |
| 18:28 | Create | Flemish Militia |
| 18:28 | Create | Flemish Militia |
| 18:48 | Research | Forging |
| 18:54 | Create | Flemish Militia |
| 18:54 | Create | Spearman |
| 18:56 | Create | Flemish Militia |
| 19:01 | Build | Barracks |
| 19:04 | Build | House |
| 19:05 | Build | House |
| 19:09 | Create | Flemish Militia |
| 19:28 | Build | Palisade Wall |
| 19:43 | Create | Flemish Militia |
| 19:43 | Create | Flemish Militia |
| 19:48 | Build | Lumber Camp |
| 20:08 | Create | Flemish Militia |
| 20:10 | Create | Flemish Militia |
| 20:16 | Create | Flemish Militia |
| 20:24 | Age | Castle Age |
| 20:27 | Research | Chain Mail Armor |
| 20:28 | Create | Villager (Male) |
| 20:30 | Build | Siege Workshop |
| 20:45 | Create | Villager (Male) |
| 20:49 | Build | Town Center |
Match timeline
| 4:14 | Gabi · wall_segment Palisade Wall x5 |
| 5:45 | Gabi · wall_segment Palisade Wall x4 |
| 6:25 | Gabi · wall_segment Palisade Wall x11 |
| 6:48 | Gabi · wall_segment Palisade Wall x7 |
| 7:04 | Gabi · wall_segment Palisade Wall x13 |
| 8:10 | [R1] 12Tirador · first_building Barracks |
| 8:47 | Gabi · wall_segment Palisade Wall x7 |
| 8:52 | [R1] 12Tirador · age_up feudal |
| 9:06 | [R1] 12Tirador · first_building Stable |
| 9:13 | Gabi · wall_segment Palisade Wall x1 |
| 9:26 | Gabi · first_building Barracks |
| 10:06 | Gabi · age_up feudal |
| 11:02 | [R1] 12Tirador · wall_segment Palisade Wall x12 |
| 11:03 | Gabi · wall_segment Palisade Wall x6 |
| 11:22 | Gabi · wall_segment Palisade Wall x1 |
| 11:56 | Gabi · wall_segment Palisade Wall x1 |
| 12:18 | [R1] 12Tirador · wall_segment Palisade Wall x1 |
| 12:46 | [R1] 12Tirador · first_building Archery Range |
| 16:44 | [R1] 12Tirador · first_market_sell 500 stone |
| 16:44 | [R1] 12Tirador · first_market_buy 100 food |
| 17:44 | Gabi · first_market_sell 100 wood |
| 18:28 | [R1] 12Tirador · wall_segment Palisade Wall x1 |
| 19:28 | Gabi · wall_segment Palisade Wall x1 |
| 19:28 | [R1] 12Tirador · age_up castle |
| 20:24 | Gabi · age_up castle |
| 20:27 | [R1] 12Tirador · first_building Castle |
| 20:30 | Gabi · first_building Siege Workshop |
| 20:57 | [R1] 12Tirador · resign |
[ AI ANALYSIS · 1 CREDIT ]
What really happened in this match?
Wolo.gg analyzes every decision: build order, eco, micro, common mistakes by bracket. Personalized analysis on WhatsApp or Discord in 30 seconds.
Civ guide
Bengalis
Perfil
Jugador #260973